 Dungeon Crawl Stone Soup version 0.29.1-14-g9c671dbff4 (webtiles) character file.

Game seed: 14927882941620696173

23591 protoss039 the Nimble (level 12, -8/64 HPs)
             Began as a Spriggan Enchanter on Feb 19, 2023.
             Was an Elder of Dithmenos.
             Mangled by an ettin (30 damage)
             ... on level 12 of the Dungeon.
             The game lasted 00:40:39 (16163 turns).

protoss039 the Nimble (Spriggan Enchanter)         Turns: 16163, Time: 00:40:40

Health: -8/64      AC: 11    Str:  4    XL:     12   Next: 73%
Magic:  0/26       EV: 26    Int: 18    God:    Dithmenos [****..]
Gold:   1232       SH:  0    Dex: 19    Spells: 18/30 levels left

rFire   . . .      SeeInvis +   a - +2 dagger (venom)
rCold   . . .      Faith    .   (no shield)
rNeg    + . .      Spirit   +   B - +2 robe of Wecagy {rElec rN+ rCorr}
rPois   .          Reflect  .   (helmet restricted)
rElec   +          Harm     .   L - +2 cloak {Stlth+}
rCorr   +          Rampage  .   (gloves unavailable)
Will    ++...                   (boots unavailable)
Stlth   +++++++++.              o - amulet of guardian spirit
HPRegen 0.20/turn               v - +4 ring of protection
MPRegen 0.20/turn               (no ring)

@: very slightly contaminated, wreathed by umbra, very quick
A: very small, no large weapons, unfitting armour, see invisible, speed 3
a: Renounce Religion, Shadow Step


You were on level 12 of the Dungeon.
You worshipped Dithmenos.
Dithmenos was greatly pleased with you.
You visited 2 branches of the dungeon, and saw 13 of its levels.
You also visited: Ossuary.

You collected 1232 gold pieces.

Inventory:

Hand Weapons
 a - a +2 dagger of venom (weapon)
 s - a +0 shortbow
Missiles
 m - 2 curare-tipped darts (quivered)
 D - 19 poisoned darts
 O - 3 datura-tipped darts
Armour
 B - the +2 robe of Wecagy (worn) {rElec rN+ rCorr}
   (You found it on level 5 of the Dungeon)

   rElec:     It insulates you from electricity.
   rN:        It protects you from negative energy.
   rCorr:     It protects you from acid and corrosion.
 K - a +0 buckler
 L - a +2 cloak of stealth (worn)
Magical Staves
 q - a staff of conjuration
 G - a staff of poison
Jewellery
 o - an amulet of guardian spirit (around neck)
 u - a ring of fire
 v - a +4 ring of protection (left hand)
 A - an amulet of magic regeneration
Wands
 w - a wand of charming (4)
 E - a wand of polymorph (14)
 M - a wand of roots (13)
 N - a wand of mindburst (14)
Scrolls
 f - 3 scrolls of silence
 h - a scroll of identify
 k - 4 scrolls of fear
 l - 10 scrolls of teleportation
 p - 3 scrolls of magic mapping {unknown}
 r - 3 scrolls of poison {unknown}
 y - 2 scrolls of fog {unknown}
 C - 3 scrolls of blinking {unknown}
 F - a scroll of torment {unknown}
 I - 4 scrolls of enchant weapon {unknown}
 J - a scroll of immolation {unknown}
Potions
 b - 5 potions of mutation
 c - 3 potions of invisibility
 d - 3 potions of ambrosia
 e - 6 potions of haste
 g - 2 potions of heal wounds
 i - a potion of attraction {unknown}
 j - 2 potions of berserk rage {unknown}
 n - 3 potions of might {unknown}
 t - 7 potions of lignification
 x - 3 potions of cancellation {unknown}
 z - 3 potions of brilliance {unknown}
 H - 7 potions of curing {unknown}


   Skills:
 * Level 7.7 Fighting
 * Level 5.2 Short Blades
 - Level 3.0 Throwing
 - Level 3.0 Armour
 + Level 11.5 Dodging
 + Level 10.8 Stealth
 * Level 3.6 Shields
 * Level 9.9 Spellcasting
 - Level 3.0 Conjurations
 + Level 8.1 Hexes
 - Level 3.0 Translocations
 - Level 3.0 Ice Magic
 * Level 7.8 Invocations


You had 18 spell levels left.
You knew the following spells:

 Your Spells              Type           Power      Damage    Failure   Level
a - Ensorcelled Hibernat  Hex/Ice        56%        N/A       1%          2
b - Confusing Touch       Hex            38%        N/A       1%          3
c - Tukima's Dance        Hex            38%        N/A       1%          3
d - Dazzling Flash        Conj/Hex       56%        N/A       2%          3
e - Apportation           Tloc           38%        N/A       2%          1

Your spell library contained the following spells:

 Spells                   Type           Power      Damage    Failure   Level
 Summon Guardian Golem    Hex/Summ       23%        N/A       4%          3
 Necrotise                Necr           32%        1d5       9%          1
 Summon Small Mammal      Summ           32%        N/A       9%          1
 Scorch                   Fire           16%        2d5       12%         2
 Call Canine Familiar     Summ           8%         N/A       24%         3
 Flame Wave               Conj/Fire      14%        2d6       41%         4
 Summon Cactus Giant      Summ           4%         N/A       100%        6


Dungeon Overview and Level Annotations

Branches:
Dungeon (12/15) Zot: 25640  Temple (1/1) D:6 Zot: 5865    Lair (0/5) D:10
    Orc (0/2) D:10        Ossuary (visited)

Altars:
Ashenzari
Cheibriados
Dithmenos
Elyvilon
Fedhas
Gozag
Hepliaklqana
Kikubaaqudgha
Makhleb
Nemelex Xobeh
Okawaru
Qazlal
Ru
Sif Muna
Trog
Uskayaw
Vehumet
Wu Jian
Xom
Yredelemnul
Zin
The Shining One

Shops:
D:4 =   D:8 =

Annotations:
D:4 3 runed translucent doors, diceflayer's ghost, amateur DsHu


Innate Abilities, Weirdness & Mutations

You are very small and have problems with some larger weapons.
You are too small for most types of armour.
You have supernaturally acute eyesight. (SInv)
You cover ground extremely quickly. (Speed+++)


Message History

Your shadow hits the ettin but does no damage.
The ettin hits you! The ettin misses you.
You hit the ettin but do no damage.
Your +0 dire flail hits the ettin.
The ettin ponders the situation.
You hit the ettin.
The ettin is poisoned.
The ettin is lightly wounded.
The ettin completely misses you. The ettin hits you!!
You emit a cloud of dark smoke.
Your +0 dire flail hits the ettin but does no damage.
You hit the ettin but do no damage.
The ettin looks as sick as possible!
The ettin is lightly wounded.
Your shadow hits the ettin with a dagger.
The ettin completely misses you. The ettin hits you.
Your +0 dire flail hits the ettin!
Unknown command.
Unknown command.
Unknown command.
Casting: Confusing Touch (safe; 1% risk of failure)
Confirm with . or Enter, or press ? or * to list all spells.
Aiming: Ensorcelled Hibernation (safe; 1% risk of failure)
Press: ? - help, Shift-Dir - straight line, f/p - ettin
Aim: an ettin (black smoke, heavily wounded, confused, very poisoned, umbra, chance to affect: 41%)
Okay, then.
Casting: Ensorcelled Hibernation (safe; 1% risk of failure)
Confirm with . or Enter, or press ? or * to list all spells.
Aiming: Ensorcelled Hibernation (safe; 1% risk of failure)
Press: ? - help, Shift-Dir - straight line, f/p - ettin
Aim: an ettin (black smoke, heavily wounded, confused, very poisoned, umbra, chance to affect: 41%)
You miscast Ensorcelled Hibernation.
You are very lightly contaminated with residual magic.
Nothing appears to happen.
Casting: Ensorcelled Hibernation (safe; 1% risk of failure)
Confirm with . or Enter, or press ? or * to list all spells.
Aiming: Ensorcelled Hibernation (safe; 1% risk of failure)
Press: ? - help, Shift-Dir - straight line, f/p - ettin
Aim: an ettin (black smoke, heavily wounded, confused, very poisoned, umbra, chance to affect: 41%)
The ettin resists with some effort.
Your shadow mimicks your spell!
The ettin easily resists.
The ettin completely misses you. The ettin hits you!!
You die...

#....#.#.# ########.###..###.
#....#.#.# #.........)..[#... ##
#....#.#.# #.......#####.#.## .#
#......#.# #.......# #.#.## .#
#.#...##.###....########..... .#
#.#...##.##...###......###.## .#
#.#.........###§..####..^###
.####.#....#.####§§§###.=###~..##
.#....#....#.##.@§§#.......##...†
##.####)..####.§C§##..####.)##..~
#.# #...###§§§~##..##.$##..##~.
#.# #....'#~.§§#.[##≈.O≈##.^#..
#.####.#####.~~.#8.#!.##.C#.8#.~
#....#.# #...~...#≈.>$.≈...#~.
###.#..# #...~#..#≈.⌠.(≈#.)#~.
####....# #.~~.#8†#..##..#.8#.~
#.....#.# #~...#..##≈..≈##..#..


You could see an ettin (confused, very poisoned).

Vanquished Creatures
  Snorg (D:10)
  2 boulder beetles
  5 two-headed ogres
  A centaur warrior (D:9)
  Lodul (D:11)
  A wizard (D:9)
  3 manticores
  4 ugly things
  3 cyclopes
  Maurice (D:9)
  A smoke demon (D:12)
  A gargoyle (D:9)
  4 unseen horrors
  A komodo dragon (D:11)
  A hellwing (D:12)
  A red devil (D:12)
  5 trolls
  3 hornets
  3 shadows
  A wyvern (D:10)
  3 wraiths
  A vampire (D:12)
  A chaos spawn (D:12)
  A dancing weapon (D:12)
  9 yaks
  A neqoxec (D:12)
  A vampire mosquito (D:12)
  3 wargs (D:10)
  4 acid dragons
  2 water moccasins
  4 orc warriors
  A black bear (D:3)
  7 ogres
  A boggart (D:12)
  12 centaurs
  6 kobold brigands
  5 bullfrogs
  2 necrophages (D:6)
  A gnoll sergeant (D:9)
  5 scorpions
  6 water moccasin zombies (Ossuary)
  5 killer bees (D:9)
  3 electric eels (D:10)
  2 howler monkeys (D:11)
  A quasit (D:12)
  5 orc priests
  7 hounds
  A jelly (D:6)
  Jessica (D:3)
  14 orc wizards
  4 iguanas
  2 mummies (Ossuary)
  3 gnolls (D:4)
  5 adders
  5 ufetubi (D:5)
  5 adder zombies (Ossuary)
  8 worms
  A dart slug (D:5)
  38 orcs
  8 ball pythons
  4 bats
  7 endoplasms
  2 giant cockroaches
  6 goblins
  4 hobgoblins
  2 jackals (D:1)
  2 quokkas
  2 frilled lizards
  8 gnoll zombies (Ossuary)
  A hobgoblin zombie (Ossuary)
  24 kobolds
  5 kobold zombies (Ossuary)
  3 orc zombies (Ossuary)
  A rat (D:1)
308 creatures vanquished.

Vanquished Creatures (collateral kills)
  An ogre (D:11)
  A gnoll (D:4)
2 creatures vanquished.

Vanquished Creatures (others)
  5 dancing weapons
  A demonic plant (D:12)
  20 plants (D:10)
26 creatures vanquished.

Grand Total: 336 creatures vanquished

Notes
Turn   | Place    | Note
-------+----------+-------------------------------------------
     0 | D:1      | protoss039 the Spriggan Enchanter began the quest for the
                  | Orb.
     0 | D:1      | Reached XP level 1. HP: 9/9 MP: 5/5
   602 | D:1      | Reached skill level 3 in Dodging
   602 | D:1      | Reached XP level 2. HP: 14/14 MP: 6/6
   904 | D:1      | Learned a level 2 spell: Ensorcelled Hibernation
  1601 | D:2      | Found a sparkling altar of Nemelex Xobeh.
  1617 | D:2      | Reached skill level 1 in Fighting
  1617 | D:2      | Reached XP level 3. HP: 13/18 MP: 0/8
  1809 | D:2      | You fall into a shaft and drop 1 floor!
  1837 | D:3      | Found a faded altar of an unknown god.
  2316 | D:2      | Learned a level 3 spell: Confusing Touch
  2320 | D:2      | Learned a level 3 spell: Tukima's Dance
  2375 | D:3      | Reached XP level 4. HP: 15/22 MP: 6/9
  2662 | D:3      | Found a stormy altar of Qazlal.
  2805 | D:3      | Noticed a scorpion
  2805 | D:3      | Noticed a black bear
  2807 | D:3      | Killed a black bear
  2808 | D:3      | Reached skill level 4 in Dodging
  2808 | D:3      | Reached skill level 5 in Stealth
  2808 | D:3      | Reached skill level 1 in Ice Magic
  2808 | D:3      | Reached XP level 5. HP: 26/26 MP: 10/10
  2972 | D:3      | Noticed Jessica
  2976 | D:3      | Killed Jessica
  2977 | D:3      | Reached XP level 6. HP: 29/30 MP: 7/12
  3785 | D:4      | Found a runed translucent gate.
  3787 | D:4      | Found a runed translucent gate.
  3788 | D:4      | Found a runed translucent gate.
  3790 | D:4      | Noticed diceflayer's ghost (amateur DsHu)
  3923 | D:4      | Found Galyemoz's Jewellery Shoppe.
  4010 | D:4      | Reached skill level 5 in Dodging
  4312 | D:4      | Reached XP level 7. HP: 35/35 MP: 10/13
  5186 | D:5      | Entered Level 5 of the Dungeon
  5460 | D:5      | Reached skill level 6 in Dodging
  5642 | D:5      | Identified the +2 robe of Wecagy {rElec rN+ rCorr}
  5689 | D:5      | Reached skill level 5 in Hexes
  5902 | D:5      | Reached XP level 8. HP: 40/40 MP: 5/15
  5997 | D:5      | Found a basalt altar of Yredelemnul.
  6438 | D:5      | Learned a level 3 spell: Dazzling Flash
  6458 | D:6      | Found a staircase to the Ecumenical Temple.
  6511 | D:6      | Reached skill level 7 in Dodging
  6540 | Temple   | Entered the Ecumenical Temple
  6687 | Temple   | Became a worshipper of Dithmenos the Shadowed
  6762 | D:6      | Found an opulent altar of Gozag.
  6855 | D:6      | Reached skill level 1 in Invocations
  6857 | D:6      | Noticed a two-headed ogre
  7057 | D:6      | Killed a two-headed ogre
  7058 | D:6      | Reached skill level 8 in Dodging
  7058 | D:6      | Reached skill level 5 in Spellcasting
  7058 | D:6      | Reached XP level 9. HP: 45/46 MP: 11/18
  7179 | D:6      | Found a glowing golden altar of the Shining One.
  7352 | D:6      | Learned a level 1 spell: Apportation
  7488 | D:7      | Reached * piety under Dithmenos
  7698 | D:7      | Found a shimmering blue altar of Sif Muna.
  7810 | D:7      | Found a radiant altar of Vehumet.
  7992 | D:7      | Reached skill level 5 in Fighting
  8190 | D:8      | Noticed a two-headed ogre
  8363 | D:8      | Found a hazy altar of Hepliaklqana.
  8424 | D:8      | Found a sand-covered staircase.
  8440 | Ossuary  | Entered an ossuary
  8586 | Ossuary  | Reached skill level 1 in Translocations
  8624 | Ossuary  | Reached ** piety under Dithmenos
  8628 | Ossuary  | Reached skill level 9 in Dodging
  9137 | D:8      | Found Mokyisin's Jewellery Boutique.
  9180 | D:8      | Killed a two-headed ogre
  9181 | D:8      | Reached skill level 1 in Conjurations
  9181 | D:8      | Reached XP level 10. HP: 51/51 MP: 10/20
  9621 | D:9      | Noticed Maurice
  9677 | D:9      | Killed Maurice
  9865 | D:9      | Found a runed translucent door.
  9867 | D:9      | Noticed a gargoyle
  9874 | D:9      | Killed a gargoyle
  9878 | D:9      | Noticed a boulder beetle
 10051 | D:9      | Reached skill level 5 in Invocations
 10413 | D:9      | Noticed a cyclops
 10584 | D:9      | Killed a boulder beetle
 10585 | D:9      | Reached skill level 10 in Dodging
 10678 | D:9      | Noticed a centaur warrior
 11024 | D:9      | Killed a cyclops
 11025 | D:9      | Noticed a wizard
 11149 | D:9      | Killed a wizard
 11181 | D:9      | Killed a centaur warrior
 11416 | D:9      | Reached *** piety under Dithmenos
 11417 | D:9      | Reached XP level 11. HP: 45/57 MP: 2/23
 11572 | D:10     | Entered Level 10 of the Dungeon
 11782 | D:10     | Found a staircase to the Lair.
 11976 | D:10     | Paralysed by a hornet for 3 turns
 12158 | D:10     | Noticed Snorg
 12181 | D:10     | Killed Snorg
 12182 | D:10     | Reached skill level 1 in Throwing
 12184 | D:10     | Reached skill level 1 in Armour
 12184 | D:10     | Reached skill level 1 in Shields
 12542 | D:10     | Found a staircase to the Orcish Mines.
 13077 | D:11     | Noticed Lodul
 13123 | D:11     | Killed Lodul
 13789 | D:11     | Noticed a green ugly thing
 13799 | D:11     | Killed a green ugly thing
 13950 | D:11     | Reached skill level 10 in Stealth
 13988 | D:11     | Noticed a two-headed ogre
 13998 | D:11     | Killed a two-headed ogre
 14029 | D:11     | Reached skill level 11 in Dodging
 14101 | D:11     | Noticed a cyan ugly thing
 14102 | D:11     | Reached **** piety under Dithmenos
 14322 | D:11     | Killed a cyan ugly thing
 14323 | D:11     | Reached XP level 12. HP: 63/63 MP: 23/25
 14550 | D:12     | Noticed a two-headed ogre
 14555 | D:12     | Killed a two-headed ogre
 14690 | D:12     | Noticed a boulder beetle
 15356 | D:12     | Killed a boulder beetle
 15635 | D:12     | Noticed a two-headed ogre
 15637 | D:12     | Killed a two-headed ogre
 15882 | D:12     | Reached skill level 5 in Short Blades
 15996 | D:12     | Noticed an ettin
 16000 | D:12     | Noticed a two-headed ogre
 16163 | D:12     | Mangled by an ettin

Illustrated notes

Levels and vault maps discovered:
D:1:      evilmike_arrival_crescent, layout_loops_ring, roderic_lattice_a,
          dreamdust_princess_bridge
D:2:      layout_rooms, basic_altar, chequers_serial_rivers_marsh
D:3:      layout_basic, nicolae_qazlal_scattered_showers,
          chequers_ecumenical_altar_simple_redux, grunt_ministairs_9,
          minmay_pentangle, uniq_jessica
D:4:      layout_gridville, gammafunk_ghost_nasty_kobolds, serial_shops,
          nicolae_inconvenience_store, minmay_misc_feat_ornament,
          grunt_decor_mini_mirrors
D:5:      layout_basic, mainiacjoe_overflow_alcove_2
D:6:      layout_basic, tso_metal_star, mainiacjoe_overflow_surrounded_room,
          minmay_temple_entry_waves
D:7:      layout_cave_pools, vehumet_crystals,
          mainiacjoe_overflow_concentric_impassable, minivault_23,
          grunt_ministairs_11
D:8:      layout_basic, mainiacjoe_overflow_chevrons, serial_shops, shop_statue,
          nicolae_ossuary_entry_ruins, serial_glass, glass_columns_a,
          glass_columns_a
D:9:      minmay_the_grid_four_pointed_star_mashed
          [minmay_the_grid_triangle_9x9_subtriangle,
          minmay_the_grid_triangle_9x9_corrupted_corridor,
          minmay_the_grid_triangle_9x9_semitri,
          minmay_the_grid_triangle_9x9_shrine,
          minmay_the_grid_prize_inner_circle], layout_gridville,
          item_on_display_a, uniq_maurice
D:10:     layout_basic, erik_lair_orcish_takeover, orc_0_dummy,
          kennysheep_boxes, uniq_snorg
D:11:     minmay_bubble_buster, layout_rooms, uniq_lodul
D:12:     layout_basic, serial_demonic, serial_demonic_c, serial_demonic_g,
          serial_demonic_a, serial_demonic_a, nzn_random_ring
Temple:   hellmonk_temple_of_storms

Skill      XL: |  1  2  3  4  5  6  7  8  9 10 11 12 |
---------------+-------------------------------------+-----
Dodging        | 3 4 5 6 8 9 10 11 | 11.5
Fighting       | 1 2 3 4 5 6 7 |  7.7
Spellcasting   | 3 4 5 6 7 8 9 |  9.9
Short Blades   | 2 3 4 5 |  5.2
Stealth        | 5 6 7 8 9 10 | 10.8
Hexes          | 4 5 6 7 8 |  8.1
Ice Magic      | 1 2 3 |  3.0
Invocations    | 2 4 5 6 7 |  7.8
Translocations | 2 3 |  3.0
Conjurations   | 1 2 3 |  3.0
Throwing       | 3 |  3.0
Armour         | 2 3 |  3.0
Shields        | 2 3 |  3.6

Action                   |  1- 3 |  4- 6 |  7- 9 | 10-12 || total
-------------------------+-------+-------+-------+-------++-------
Melee: Dagger            |    93 |    90 |   277 |   451 ||   911
       Punch             |     1 |     2 |     8 |       ||    11
 Cast: Ensorcelled Hiber |    14 |    28 |    48 |   149 ||   239
       Tukima's Dance    |       |     1 |     6 |    16 ||    23
       Confusing Touch   |       |       |    20 |    19 ||    39
       Dazzling Flash    |       |       |     7 |    16 ||    23
  Use: Scroll            |       |       |     5 |     6 ||    11
       Potion            |       |       |       |     4 ||     4
 Stab: Sleeping          |    22 |    12 |    56 |    93 ||   183
       Confused          |       |       |    16 |    18 ||    34
       Invisible         |       |       |     8 |    10 ||    18
       Distracted        |       |       |     2 |     3 ||     5
Armor: Robe              |     3 |    21 |    45 |    78 ||   147
Dodge: Dodged            |    73 |    88 |   275 |   577 ||  1013
Block: Buckler           |       |       |       |   106 ||   106
